 Dungeon Sprint DCSS version 0.19.0-2-gae57169 (webtiles) character file.

16 Groucho the Covered (level 2, -8/28 HPs)
             Began as a Deep Dwarf Fighter on Nov 3, 2016.
             Was a Believer of Makhleb.
             Mangled by a porcupine (9 damage)
             ... in the Dungeon (Sprint VII: "The Pits").
             The game lasted 00:00:35 (105 turns).

Groucho the Covered (Deep Dwarf Fighter)             Turns: 105, Time: 00:00:36

Health: -8/28      AC:  7    Str: 19    XL:     2   Next: 41%
Magic:  2/2        EV:  7    Int:  8    God:    Makhleb [**....]
Gold:   0          SH:  9    Dex: 12    Spells: 0 memorised, 1 level left

rFire  . . .     SeeInvis .     a - +0 war axe
rCold  . . .     Gourm    .     b - +0 scale mail
rNeg   . . .     Faith    .     c - +0 shield
rPois  .         Spirit   .     (no helmet)
rElec  .         Reflect  .     (no cloak)
rCorr  .         Harm     .     (no gloves)
MR     .....     NoTele   +     (no boots)
Stlth  ..........               (no amulet)
                                (no ring)
                                (no ring)

@: non-regenerating
A: damage resistance, recharge devices, sense surroundings 1, slow regeneration
3
a: Device Recharging, Minor Destruction, Renounce Religion


You were in the Dungeon.
You worshipped Makhleb.
Makhleb was pleased with you.
You were not hungry.

You visited 1 branch

Inventory:

Hand Weapons
 a - a +0 war axe (weapon)
Missiles
 s - 10 stones (quivered)
Armour
 b - a +0 scale mail (worn)
 c - a +0 shield (worn)
Wands
 e - a wand of heal wounds (5/9)
Scrolls
 l - a scroll of blinking
 n - 3 scrolls of remove curse
 o - 5 scrolls of amnesia
 p - a scroll of summoning
Potions
 d - a potion of might
 g - a potion of curing
 i - a potion of haste
 j - 4 potions of magic
 k - 3 potions of berserk rage
 m - 2 potions of invisibility
Comestibles
 f - 8 bread rations
 q - 40 fruits
 r - 7 meat rations


   Skills:
 + Level 3.3 Fighting
 * Level 4.1 Axes
 + Level 4.1 Armour
 + Level 4.0 Shields


You had one spell level left.
You didn't know any spells.

Dungeon Overview and Level Annotations

Branches:
Dungeon (1/1)

Altars:
Ashenzari
Cheibriados
Dithmenos
Elyvilon
Fedhas
Gozag
Hepliaklqana
Kikubaaqudgha
Makhleb
Nemelex Xobeh
Okawaru
Qazlal
Ru
Sif Muna
Trog
Uskayaw
Vehumet
Xom
Yredelemnul
Zin
The Shining One
Beogh
Jiyva
Lugonu


Innate Abilities, Weirdness & Mutations

You are resistant to damage.
You can recharge devices by infusing magical energy.
You passively map a small area around you.
You do not regenerate.


Message History

You closely miss the orc.
You are struck by the porcupine's spines.
* * * LOW HITPOINT WARNING * * *
Your shield prevents you from hitting the porcupine.
You hit the bat but do no damage. You block the bat's attack. x2
The porcupine bites you but does no damage.
The orc barely misses you. The porcupine misses you.
Unknown command.
You feel much better. You block the bat's attack.
The orc hits you but does no damage. The porcupine bites you!
You hit the orc.
The orc is severely wounded.
You are struck by the porcupine's spines.
* * * LOW HITPOINT WARNING * * *
You slash the porcupine! You block the bat's attack.
The orc hits you but does no damage. The bat hits you but does no damage.
The porcupine bites you!
* * * LOW HITPOINT WARNING * * *
The orc hits you but does no damage. The porcupine bites you!
You die...

######)))#.##........
#.?|.')))'.##......#.
##########.##........
#.....†.....'........
#+#####)#####......#.
,#...#.#, *#........
#...#.#, ####'#### *
#b..).# , #.......#
##@#### *#.......# *
#.or..#, *#.......# *
#.....# #...<...#
*,#....... #.......#
#........##.......#
###########.......# ,
, ######### * * * , *
,


You could see a porcupine, an orc and a bat.

Vanquished Creatures
  A river rat (D)
  An orc (D)
  A hobgoblin (D)
  2 jackals (D)
  A bat (D)
  A goblin (D)
7 creatures vanquished.

Notes
Turn   | Place    | Note
-------+----------+-------------------------------------------
     0 | D        | Groucho the Deep Dwarf Fighter began the quest for the Orb.
     0 | D        | Reached XP level 1. HP: 20/20 MP: 1/1
    41 | D        | Found a radiant altar of Vehumet.
    41 | D        | Found a hide-covered altar of Uskayaw.
    41 | D        | Found an ancient bone altar of Kikubaaqudgha.
    41 | D        | Found a viscous altar of Jiyva.
    41 | D        | Found a hazy altar of Hepliaklqana.
    42 | D        | Found a bloodstained altar of Trog.
    42 | D        | Found a deep blue altar of Sif Muna.
    42 | D        | Found a sacrificial altar of Ru.
    42 | D        | Found a stormy altar of Qazlal.
    42 | D        | Found an iron altar of Okawaru.
    42 | D        | Found a sparkling altar of Nemelex Xobeh.
    42 | D        | Found an opulent altar of Gozag.
    42 | D        | Found a blossoming altar of Fedhas.
    42 | D        | Found a white marble altar of Elyvilon.
    42 | D        | Found a shadowy altar of Dithmenos.
    42 | D        | Found a snail-covered altar of Cheibriados.
    43 | D        | Found a glowing golden altar of the Shining One.
    43 | D        | Found a glowing silver altar of Zin.
    44 | D        | Found a burning altar of Makhleb.
    44 | D        | Found a basalt altar of Yredelemnul.
    44 | D        | Found a roughly hewn altar of Beogh.
    45 | D        | Found a corrupted altar of Lugonu.
    45 | D        | Found a shimmering altar of Xom.
    45 | D        | Found a shattered altar of Ashenzari.
    56 | D        | Became a worshipper of Makhleb the Destroyer
    83 | D        | Reached * piety under Makhleb
    92 | D        | Reached XP level 2. HP: 24/28 MP: 2/2
    98 | D        | Reached ** piety under Makhleb
    99 | D        | Noticed a porcupine
   105 | D        | HP: 1/28 [porcupine (6)]
   105 | D        | Mangled by a porcupine

Skill      XL: |  1 |
---------------+----+-----
Fighting       | 3 |  3.3
Axes           | 4 |  4.1
Armour         | 4 |  4.1
Shields        | 4 |  4.0

Action                   || total
-------------------------++-------
Melee: War axe           ||    22
  Use: Potion            ||     1
Armor: Scale mail        ||     9
Dodge: Dodged            ||     5
Block: Shield            ||    23
